 Dungeon Crawl Stone Soup version 0.25-a0-681-gdf4e720381 (webtiles) character file.

Game seed: 11174161885912789006, levelgen mode: deterministic

70 CryoSword the Sneak (level 4, -1/48 HPs)
             Began as a Vampire Enchanter on Mar 30, 2020.
             Slain by an adder (2 damage)
             ... on level 2 of the Dungeon.
             The game lasted 00:06:00 (2317 turns).

CryoSword the Sneak (Vampire Enchanter)             Turns: 2317, Time: 00:06:01

Health: -1/48      AC: 22    Str:  7    XL:     4   Next: 4%
Magic:  1/7        EV:  2    Int: 20    God:
Gold:   72         SH:  0    Dex: 14    Spells: 4/7 levels left

rFire    . . .     SeeInvis +   a - +1 dagger
rCold    . . .     Gourm    .   (no shield)
rNeg     + + +     Faith    .   (armour currently unavailable)
rPois    +         Spirit   .   (helmet currently unavailable)
rElec    .         Reflect  .   (cloak currently unavailable)
rCorr    .         Harm     .   (gloves currently unavailable)
MR       .....     NoTele   +   (boots currently unavailable)
Stlth    +++.......             (no amulet)
HPRegen  0.36/turn              d - ring of poison resistance
MPRegen  0.10/turn              (no ring)

@: lethally poisoned (-1 -> -1), tree-form, regenerating quickly, hasted, very
quick
A: no food, see invisible, clever 1
a: Exsanguinate


You were on level 2 of the Dungeon.
You were alive.
You were a tree.
You visited 1 branch of the dungeon, and saw 2 of its levels.

You collected 72 gold pieces.

Inventory:

Hand Weapons
 a - a +1 dagger (weapon)
Missiles
 e - 7 atropa-tipped darts (quivered)
Armour
 b - a +0 robe (melded)
Jewellery
 d - a ring of poison resistance (left branch)
   (You took it off a goblin on level 1 of the Dungeon)
 h - an uncursed ring of ice {unknown}
   (You found it on level 1 of the Dungeon)
Scrolls
 g - 3 scrolls of remove curse {@r2}
 i - a scroll of fog {unknown}


   Skills:
 + Level 1.4 Fighting
 + Level 2.2 Short Blades
 - Level 2.1 Dodging
 + Level 5.3 Stealth
 - Level 2.0 Spellcasting
 + Level 5.2 Hexes


You had 4 spell levels left.
You knew the following spells:

 Your Spells              Type           Power        Failure   Level  Hunger
a - Corona                Hex            ###....      1%          1    N/A
b - Ensorcelled Hibernat  Hex/Ice        ##....       9%          2    N/A

Your spell library contained the following spells:

 Spells                   Type           Power        Failure   Level  Hunger
 Confusing Touch          Hex            ###.....     5%          3    N/A
 Tukima's Dance           Hex            ###.....     5%          3    N/A
 Dazzling Flash           Conj/Hex       ##....       16%         3    N/A

Dungeon Overview and Level Annotations

Branches:
Dungeon (2/15)

Altars:

Annotations:
D:2 Sigmund


Innate Abilities, Weirdness & Mutations

You do not eat.
Your natural rate of healing is unusually fast.
((You have razor-sharp teeth.))
You have supernaturally acute eyesight. (SInv)
((You can survive without breathing.))
Your mind is acute. (Int +2)
((You are covered in fur. (AC +1)))


Message History

Sigmund hits you from afar with a +0 scythe!
You feel less confused.
Found a scroll of remove curse.
You see here a robe.
Sigmund casts a spell at you. The magic dart hits you!
* * * LOW HITPOINT WARNING * * *
There is a stone staircase leading up here.
You climb upwards.
There is a stone staircase leading down here.
You start resting.
The rat is too close now for your liking.
You can't go down here!
The rat barely misses you.
You barely miss the rat. The rat barely misses you.
You closely miss the rat. The rat closely misses you.
You barely miss the rat. The rat misses you.
You hit the rat. You closely miss the rat. The rat barely misses you.
You hit the rat.
You kill the rat!
No target in view!
No target in view!
(D) Dungeon
Where to? (Enter - D:1 @ (x,y), ? - help)
There is an open door here.
There is a stone staircase leading down here.
You climb downwards.
Level annotation: Sigmund
There is a stone staircase leading up here.
You see here a scroll of remove curse {@r2}.
Sigmund points at you and mumbles some strange words.
You resist with some effort.
There is a stone staircase leading up here.
You climb upwards.
There is a stone staircase leading down here.
There is an open door here.
There is an open door here.
There is an open door here.
You see here 20 arrows.
There is an open door here.
There is a large open door here.
There is a large open door here.
There is a stone staircase leading down here.
You climb downwards.
Level annotation: Sigmund
There is a stone staircase leading up here.
You see here a ration {!d}.
Found 21 bolts.
Found 26 arrows.
You see here 26 arrows.
Found 3 scrolls labeled ZITUID TARAMYDD.
You see here a +0 club.
You see here a ration {!d}.
You see here a +0 dagger.
You see here a ration {!d}.
A kobold comes into view.
A kobold is nearby!
A kobold is nearby!
A kobold is nearby!
The kobold shouts!
You hear an angry hiss.
You hit the kobold. The kobold barely misses you.
You miss the kobold. The kobold closely misses you.
You closely miss the kobold. The kobold hits you.
You hit the kobold.
A frilled lizard comes into view.
An adder comes into view.
The kobold hits you.
Aim: a kobold, wearing a +0 robe (severely wounded, chance to defeat MR: 60%)
The kobold looks drowsy...
The frilled lizard hisses angrily.
The adder hisses angrily.
The helpless kobold fails to defend itself.
You impale the kobold!!
You kill the kobold!
The frilled lizard closely misses you.
Aim: a frilled lizard (chance to defeat MR: 60%)
The frilled lizard resists with significant effort.
The adder bites you. The frilled lizard bites you. The adder bites you.
Aim: an adder (chance to defeat MR: 50%)
The adder resists with some effort.
The frilled lizard barely misses you. The adder misses you.
You don't have enough magic to cast that spell.
Aim: an adder (chance to defeat MR: 67%)
The adder barely resists.
The adder misses you. The frilled lizard closely misses you.
You barely miss the adder. The adder closely misses you.
The frilled lizard bites you.
You miss the adder. The adder bites you. The frilled lizard misses you.
You barely miss the adder. The adder bites you. The frilled lizard misses you.
You closely miss the adder. The adder completely misses you.
The adder bites you but does no damage. The frilled lizard bites you.
You hit the adder but do no damage. The adder closely misses you.
The frilled lizard unfolds its giant frill.
The frilled lizard bites you.
You hit the adder. The adder bites you.
* * * LOW HITPOINT WARNING * * *
You hit the adder. The frilled lizard barely misses you. The adder bites you.
* * * LOW HITPOINT WARNING * * *
Aim: an adder (moderately wounded, chance to defeat MR: 67%)
The adder barely resists.
The adder barely misses you. The frilled lizard barely misses you.
The adder bites you.
* * * LOW HITPOINT WARNING * * *
You are poisoned.
The adder poisons you!
It was a potion of mutation.
You feel extremely strange. Fur sprouts all over your body.
You feel clever.
You feel sick. The frilled lizard misses you. The adder bites you.
* * * LOW HITPOINT WARNING * * *
It was a potion of haste.
You feel yourself speed up. The frilled lizard barely misses you.
The adder bites you.
* * * LOW HITPOINT WARNING * * *
It was a potion of lignification.
You turn into a tree.
Your +0 robe melds into your body.
Your roots penetrate the ground.
You feel sick. The adder bites you but does no damage.
The frilled lizard bites you but does no damage.
You closely miss the adder. The adder bites you but does no damage.
The frilled lizard bites you but does no damage.
You hit the adder but do no damage. The adder bites you but does no damage.
You closely miss the adder.
The frilled lizard bites you but does no damage.
You hit the adder but do no damage.
You feel sick. The adder bites you.
* * * LOW HITPOINT WARNING * * *
The frilled lizard bites you but does no damage.
You closely miss the adder. The adder bites you but does no damage.
You barely miss the adder. The adder bites you but does no damage.
The frilled lizard bites you but does no damage.
You barely miss the adder. The adder bites you but does no damage.
You hit the adder.
The frilled lizard bites you but does no damage.
You hit the adder but do no damage. The adder bites you but does no damage.
You closely miss the adder.
You feel sick.
The frilled lizard bites you but does no damage.
The adder bites you but does no damage.
You barely miss the adder.
The frilled lizard bites you but does no damage.
The adder bites you but does no damage.
You hit the adder. You hit the adder. The adder bites you but does no damage.
The frilled lizard bites you.
* * * LOW HITPOINT WARNING * * *
You barely miss the adder. The adder bites you but does no damage.
You hit the adder.
The frilled lizard bites you but does no damage.
You hit the adder but do no damage. The adder bites you.
* * * LOW HITPOINT WARNING * * *
You hit the adder.
* * * LOW HITPOINT WARNING * * *
You feel sick.
The frilled lizard bites you but does no damage.
The adder bites you.
You die...

########.##.........
........###.######.
####.####.#...# ## #.
'.'..#.#.### # #..#.#..#.#.# #
'#.##'#.##'#.#.# #
.............#.# #
'#.##'#l##'#%#.# #. #♣#..#.#.# .'
#S#..#.#.# #. #.####.#.# .. ...
..#.#
####################.#######
#...(.............##.......#
###.#########.########.......##
##.....................).......##
##.......#.......................


You could see an adder and a frilled lizard.

Vanquished Creatures
  2 adders (D:2)
  3 worms (D:2)
  3 dart slugs
  A leopard gecko (D:2)
  2 giant cockroaches
  4 goblins
  6 hobgoblins
  2 jackals (D:1)
  A quokka (D:2)
  4 frilled lizards
  4 kobolds
  6 rats
38 creatures vanquished.

Notes
Turn   | Place    | Note
-------+----------+-------------------------------------------
     0 | D:1      | CryoSword the Vampire Enchanter began the quest for the
                  | Orb.
     0 | D:1      | Reached XP level 1. HP: 13/13 MP: 3/3
   428 | D:1      | Reached XP level 2. HP: 20/20 MP: 3/5
   432 | D:1      | Learned a level 2 spell: Ensorcelled Hibernation
   951 | D:2      | Reached skill level 1 in Fighting
  1011 | D:2      | Reached XP level 3. HP: 22/26 MP: 2/6
  1130 | D:2      | Reached skill level 5 in Stealth
  1130 | D:2      | Reached skill level 5 in Hexes
  1862 | D:2      | Reached XP level 4. HP: 32/32 MP: 7/7
  1919 | D:2      | Noticed Sigmund
  2298 | D:2      | Gained mutation: You are covered in fur. (AC +1) [potion of
                  | mutation]
  2298 | D:2      | Gained mutation: Your mind is acute. (Int +2) [potion of
                  | mutation]
  2313 | D:2      | HP: 2/48 [frilled lizard (2)]
  2317 | D:2      | Slain by an adder

Levels and vault maps discovered:
D:1:      sevenhm_arrival_forest_fort_large_2, layout_basic
D:2:      minmay_door_path, layout_loops_ring, glass_columns_a, uniq_sigmund

Skill      XL: |  1  2  3 |
---------------+----------+-----
Fighting       | 1 |  1.4
Stealth        | 5 |  5.3
Hexes          | 5 |  5.2
Short Blades   | 2 |  2.2
Dodging        | |  2.1
Spellcasting   | |  2.0

Action                   |  1- 3 |  4- 6 || total
-------------------------+-------+-------++-------
Melee: Dagger            |   110 |    41 ||   151
       Bite              |     8 |       ||     8
 Cast: Corona            |     9 |     2 ||    11
       Ensorcelled Hiber |    26 |     3 ||    29
  Use: Scroll            |     2 |       ||     2
       Potion            |       |     3 ||     3
 Stab: Sleeping          |    15 |     1 ||    16
Armor: Robe              |     7 |     1 ||     8
       Skin              |       |    21 ||    21
Dodge: Dodged            |    58 |    27 ||    85

Table legend:
 A = Non-vault XP
 B = Vault XP
 C = Vault XP percentage of total XP
 D = Non-vault monster count
 E = Vault monster count
 F = Vault count percentage of total count
                 A         B        C        D         E       F
            +---------+---------+-------+---------+---------+-------
      Total |     101 |       0 |   0.0 |      38 |       0 |   0.0
            +---------+---------+-------+---------+---------+-------
        D:1 |      26 |       0 |   0.0 |      15 |       0 |   0.0
        D:2 |      75 |       0 |   0.0 |      23 |       0 |   0.0
            +---------+---------+-------+---------+---------+-------
